 Dungeon Crawl Stone Soup version 0.28.0 (webtiles) character file.

Game seed: 10721359200933422699

284 browni3141 the Skirmisher (level 6, 0/56 HPs)
             Began as a Minotaur Berserker on Feb 16, 2022.
             Was a Believer of Trog.
             Slain by Edmund (4 damage)
             ... on level 4 of the Dungeon.
             The game lasted 00:01:25 (2875 turns).

browni3141 the Skirmisher (Minotaur Berserker)      Turns: 2875, Time: 00:01:26

Health: 0/56       AC:  9    Str: 21 (23) XL:     6   Next: 7%
Magic:  5/5        EV:  8    Int:  2 (4)  God:    Trog [**....]
Gold:   130        SH:  0    Dex:  8 (10) Spells: 5/5 levels left

rFire   . . .      SeeInvis .   a - +0 hand axe
rCold   . . .      Faith    .   (no shield)
rNeg    . . .      Spirit   .   f - +0 chain mail
rPois   .          Reflect  .   (helmet restricted)
rElec   .          Harm     .   (no cloak)
rCorr   .          Rampage  .   (no gloves)
Will    .....                   (no boots)
Stlth   ..........              (no amulet)
HPRegen 0.18/turn               (no ring)
MPRegen 0.09/turn               (no ring)

@: on berserk cooldown, slowed, very slow
A: horns 2, retaliatory headbutt
a: Renounce Religion, Berserk, Trog's Hand


You were on level 4 of the Dungeon.
You worshipped Trog.
Trog was pleased with you.
You visited 1 branch of the dungeon, and saw 4 of its levels.

You collected 130 gold pieces.

Inventory:

Hand Weapons
 a - a +0 hand axe (weapon)
Armour
 b - a +0 animal skin
 f - a +0 chain mail (worn)
Scrolls
 d - a scroll of teleportation {unknown}
 e - 4 scrolls of identify {unknown}
 g - a scroll of enchant weapon {unknown}
 h - a scroll of amnesia {unknown}
 i - a scroll of summoning {unknown}
 k - a scroll of vulnerability {unknown}
Potions
 c - a potion of degeneration
 j - a potion of lignification {unknown}
 l - a potion of heal wounds {unknown}
 m - a potion of flight {unknown}
 n - a potion of resistance {unknown}
 o - a potion of curing {unknown}


   Skills:
 + Level 5.6 Fighting
 + Level 5.5 Axes
 + Level 4.8 Armour
 - Level 2.1 Dodging


You had 5 spell levels left.
You didn't know any spells.
Your spell library was empty.

Dungeon Overview and Level Annotations

Branches:
Dungeon (4/15)
 Temple: D:4-7

Altars:
Trog
Zin

Annotations:
D:4 Edmund


Innate Abilities, Weirdness & Mutations

You have a pair of horns on your head.
You reflexively headbutt those who attack you in melee.


Message History

You closely miss Edmund.
Edmund hits you with a +1 flail of holy wrath.
You slash Edmund! Your headbutt misses Edmund.
Edmund is lightly wounded.
Edmund closely misses you.
Edmund hits you with a +1 flail of holy wrath.
You're still recovering from your berserk rage.
You closely miss Edmund. You headbutt Edmund.
Edmund is moderately wounded.
Edmund hits you with a +1 flail of holy wrath.
You hit Edmund.
Edmund is heavily wounded.
Edmund hits you with a +1 flail of holy wrath. x2
You closely miss Edmund.
Edmund is heavily wounded.
Edmund hits you with a +1 flail of holy wrath.
* * * LOW HITPOINT WARNING * * *
You are too injured to fight recklessly!
You closely miss Edmund. You headbutt Edmund, but do no damage.
Edmund is heavily wounded.
Edmund hits you with a +1 flail of holy wrath.
* * * LOW HITPOINT WARNING * * *
Edmund barely misses you. You furiously retaliate!
You headbutt Edmund, but do no damage.
Unknown command.
It was a potion of degeneration.
There was something very wrong with that liquid.
You feel weakened.
You feel dopey.
You feel clumsy.
Edmund hits you with a +1 flail of holy wrath.
* * * LOW HITPOINT WARNING * * *
Edmund hits you but does no damage.
Unknown command.
You hit Edmund but do no damage. You punch Edmund.
Edmund is heavily wounded.
Edmund hits you with a +1 flail of holy wrath.
* * * LOW HITPOINT WARNING * * *
You hit Edmund. Your headbutt misses Edmund.
Edmund is heavily wounded.
Edmund hits you with a +1 flail of holy wrath.
You die...

#.......#
#####.......#
...#.......#
##+#.#.......#
#...†........#
#............###
#..).<#.#......#
#.....#.#......#
###.....#....@.#
#######....@.#
.........#
###......#
#.[....#
#......#
###..... ######


You could see Edmund.

Vanquished Creatures
  An ogre (D:4)
  A scorpion (D:2)
  A centaur skeleton (D:2)
  Natasha (twice) (D:2)
  2 adders (D:2)
  A worm (D:2)
  2 dart slugs
  5 endoplasms
  2 giant cockroaches
  7 goblins
  3 hobgoblins
  2 jackals (D:1)
  A quokka (D:1)
  5 ball pythons
  4 bats
  3 frilled lizards
  5 kobolds
  3 rats
50 creatures vanquished.

Notes
Turn   | Place    | Note
-------+----------+-------------------------------------------
     0 | D:1      | browni3141 the Minotaur Berserker began the quest for the
                  | Orb.
     0 | D:1      | Reached XP level 1. HP: 19/19 MP: 0/0
    69 | D:1      | Found a faded altar of an unknown god.
   148 | D:1      | Reached XP level 2. HP: 26/27 MP: 1/1
   942 | D:2      | Reached XP level 3. HP: 25/33 MP: 2/2
  1115 | D:2      | Noticed a scorpion
  1121 | D:2      | Killed a scorpion
  1122 | D:2      | Reached XP level 4. HP: 41/41 MP: 3/3
  1285 | D:2      | Noticed Natasha
  1292 | D:2      | Killed Natasha
  1293 | D:2      | Reached skill level 5 in Fighting
  1293 | D:2      | Reached skill level 5 in Axes
  1293 | D:2      | Reached XP level 5. HP: 35/48 MP: 4/4
  1655 | D:2      | Reached ** piety under Trog
  1853 | D:2      | Noticed Natasha
  1860 | D:2      | Killed Natasha
  2190 | D:3      | Found a glowing silver altar of Zin.
  2515 | D:3      | Found a bloodstained altar of Trog.
  2838 | D:4      | Noticed an ogre
  2842 | D:4      | Killed an ogre
  2843 | D:4      | Reached XP level 6. HP: 56/56 MP: 5/5
  2864 | D:4      | Noticed Edmund
  2875 | D:4      | Slain by Edmund

Illustrated notes

Levels and vault maps discovered:
D:1:      dpeg_arrival_erosion, layout_rooms, chequers_ecumenical_altar_simple
D:2:      minmay_spotlight, layout_loops_corners, minmay_misc_feat_five,
          dk_vineyard_3, hangedman_decor_points, uniq_natasha
D:3:      layout_loops_ring, zin_scriptorium, overflow_temple_1_default
D:4:      layout_basic, enter_ossuary_5, lightli_sewer_entry_pipes,
          minmay_goblin_kobold_house, uniq_edmund

Skill      XL: |  1  2  3  4 |
---------------+-------------+-----
Fighting       | 4 5 |  5.6
Axes           | 4 5 |  5.5
Armour         | 3 4 |  4.8
Dodging        | |  2.1

Action                   |  1- 3 |  4- 6 || total
-------------------------+-------+-------++-------
Melee: Hand axe          |    65 |    72 ||   137
       Headbutt          |     6 |    13 ||    19
       Punch             |     2 |     1 ||     3
Invok: Berserk           |     1 |     1 ||     2
  Use: Potion            |       |     1 ||     1
Armor: Animal skin       |    12 |       ||    12
       Chain mail        |    19 |    32 ||    51
Dodge: Dodged            |    44 |    32 ||    76
